 Dungeon Crawl Stone Soup version 0.19.0-19-g8c6edcc (webtiles) character file.

45524 septik the Severer (level 14, -9/129 HPs)
             Began as a Minotaur Berserker on Nov 15, 2016.
             Was the Champion of Trog.
             Killed by drain life
             ... invoked by a soul eater
             ... summoned by an orc high priest
              (16 damage)
             ... on level 2 of the Orcish Mines.
             The game lasted 01:05:26 (16185 turns).

septik the Severer (Minotaur Berserker)            Turns: 16185, Time: 01:05:27

Health: -9/129     AC: 12    Str: 25    XL:     14   Next: 1%
Magic:  13/13      EV: 19    Int:  4    God:    Trog [******]
Gold:   1701       SH:  0    Dex: 12    Spells: 0 memorised, 13 levels left

rFire  . . .     SeeInvis .     V - +2 battleaxe (vamp)
rCold  + . .     Gourm    .     b - +1 plate armour {rC+}
rNeg   . . .     Faith    .     (shield currently unavailable)
rPois  .         Spirit   .     J - +2 hat
rElec  .         Reflect  .     q - +0 cloak {MR+}
rCorr  .         Harm     .     T - +2 pair of gloves
MR     ++...                    (no boots)
Stlth  ..........               a - amulet of regeneration
                                (no ring)
                                E - +6 ring of evasion

@: corroded
A: retaliatory headbutt, horns 2
a: Berserk, Trog's Hand, Brothers in Arms, Burn Spellbooks, Renounce Religion


You were on level 2 of the Orcish Mines.
You worshipped Trog.
Trog was exalted by your worship.
You were not hungry.

You visited 3 branches of the dungeon, and saw 19 of its levels.
You also visited: Ice Cave.

You collected 1701 gold pieces.

Inventory:

Hand Weapons
 O - a +1 vampiric broad axe
 S - a +2 executioner's axe of venom
 V - a +2 vampiric battleaxe (weapon)
Missiles
 A - 2 throwing nets (quivered)
Armour
 b - a +1 plate armour of cold resistance (worn)
 e - the +0 hat of Eternity {MR- Regen+ Str+2}
   (You found it on level 5 of the Dungeon)

   It affects your strength (+2).
   It affects your resistance to hostile enchantments.
   It increases your rate of regeneration.
 q - a +0 cloak of magic resistance (worn)
 F - a +1 chain mail of positive energy
 J - a +2 hat (worn)
 K - a +2 cloak
 P - a +0 troll leather armour {Snorg}
 T - a +2 pair of gloves (worn)
Jewellery
 a - an amulet of regeneration (around neck)
 s - a cursed -3 ring of evasion
 E - a +6 ring of evasion (left hand)
 R - an uncursed ring of magical power
Wands
 l - a wand of lightning (8/15)
 r - a wand of digging (21/24)
 C - a wand of enslavement (11/24)
 D - a wand of iceblast (8/15)
 G - a wand of disintegration (21/24)
 M - a wand of lightning (4/15)
 Y - a wand of enslavement (9/24)
Scrolls
 f - 7 scrolls of remove curse
 i - 6 scrolls of blinking
 j - a scroll of enchant armour
 p - 3 scrolls of immolation
 t - 4 scrolls of recharging
 v - 2 scrolls of fear
 x - 11 scrolls of teleportation
 y - 3 scrolls of enchant weapon
 z - 2 scrolls of fog
 I - 3 scrolls of magic mapping
 X - 2 scrolls of identify
Potions
 g - 9 potions of curing
 h - 2 potions of flight
 n - 4 potions of heal wounds
 o - 2 potions of brilliance
 u - 5 potions of lignification
 L - 3 potions of agility
 N - 2 potions of might
 Q - a potion of cure mutation
 U - a potion of magic
 W - a potion of cancellation
Miscellaneous
 d - a disc of storms
 Z - a lamp of fire
Comestibles
 c - 7 bread rations
 k - 16 fruits
 m - 8 royal jellies
 w - 5 chunks of flesh
 B - 5 beef jerkies
 H - 5 meat rations


   Skills:
 + Level 13.3 Fighting
 * Level 17.6 Axes
 + Level 13.1 Armour
 + Level 12.2 Dodging


You had 13 spell levels left.
You didn't know any spells.

Dungeon Overview and Level Annotations

Branches:
Dungeon (11/15)            Temple (0/1) D:6            Lair (6/6) D:11
  Swamp (0/4) Lair:4       Spider (0/4) Lair:3        Slime (0/5) Lair:5
    Orc (2/2) D:11            Elf (0/3) Orc:2

Altars:
Cheibriados
Hepliaklqana
Trog
Vehumet
Xom
Beogh

Annotations:
Lair:1 exclusion: oklob plant
Lair:3 exclusion: oklob plant


Innate Abilities, Weirdness & Mutations

You reflexively headbutt those who attack you in melee.
You have a pair of horns on your head.


Message History

The orc high priest mumbles some strange prayers to Beogh against you.
Beogh smites you!
* * * LOW HITPOINT WARNING * * *
The hellwing completely misses you. You furiously retaliate!
You headbutt the hellwing, but do no damage.
The hellwing misses you.
The soul eater draws from the surrounding life force!
* * * LOW HITPOINT WARNING * * *
The hellwing barely misses you. You furiously retaliate!
You headbutt the hellwing, but do no damage.
The hellwing hits you but does no damage.
The orc priest begins to cast a cantrip, but forgets the words!
Unknown command.
There is a stone staircase leading up here.
The orc wizard begins to cast a cantrip, but forgets the words!
The smoke demon gestures at you. Something smites you!
* * * LOW HITPOINT WARNING * * *
The soul eater draws from the surrounding life force!
You die...

................................
.........#..................#..#
#.........#........).>.........#
.#.................)).........##
.............#)...)().........#
............#...)...)........##
..............................#
.<............................#
................@.........##....
##############..3o..............
##.3...............
##3.4o#...........
#o...........#$..
#33o.............
#oo4o.$..........
#43)[.o.....$..$ #..$....<......


You could see 3 soul eaters, 3 orc high priests, a hellwing, 2 sixfirhies, a
smoke demon, a chaos spawn, an orc sorcerer, a red devil, an orc warrior, an orc
priest and 2 orc wizards.

Vanquished Creatures
  Gastronok (D:8)
  Nessos (Lair:4)
  A fire dragon (Lair:6)
  Snorg (D:10)
  Josephine (Lair:5)
  Erica (Lair:1)
  2 hill giants (D:11)
  2 orc sorcerers
  2 ugly things (IceCv)
  2 cyclopes (D:11)
  10 elephants
  A black mamba (Lair:5)
  Maurice (Orc:2)
  10 spiny frogs
  2 ice statues (IceCv)
  2 rime drakes (Orc:1)
  5 komodo dragons
  A queen bee (D:11)
  2 trolls
  A polar bear (Lair:4)
  A hornet (D:8)
  2 slime creatures (Lair:5)
  10 hippogriffs
  5 blink frogs
  7 dream sheep (Lair:6)
  5 wraiths (Lair:5)
  3 basilisks
  39 yaks
  4 wyverns
  A mottled dragon (Lair:6)
  4 steam dragons
  5 porcupines
  15 water moccasins
  A black bear (D:9)
  3 swamp drakes (Lair:6)
  15 orc warriors
  7 ice beasts
  4 sky beasts
  10 ogres
  A phantom (D:4)
  9 wolves (Lair:2)
  2 centaurs
  10 crocodiles
  3 big kobolds
  14 bullfrogs
  A wyvern zombie (D:11)
  A scorpion (D:6)
  24 killer bees
  2 electric eels
  6 wights
  4 howler monkeys
  5 crimson imps
  2 bullfrog zombies
  7 hounds
  A centaur zombie (D:5)
  4 jellies
  2 centaur skeletons
  2 gnoll shamans
  17 orc priests
  8 iguanas
  30 orc wizards
  12 worker ants
  A killer bee zombie (D:10)
  A hound zombie (D:7)
  3 worker ant zombies
  10 gnolls
  3 howler monkey skeletons
  17 adders
  A shadow imp (D:7)
  An ooze (D:3)
  An adder skeleton (D:5)
  3 worms
  2 dart slugs
  10 leopard geckos
  67 orcs
  A ball python (D:6)
  2 giant cockroaches
  11 hobgoblins
  13 jackals
  20 kobolds
  5 quokkas
  9 bats
  8 frilled lizards
  8 goblins
  A leopard gecko skeleton (D:5)
  A quokka zombie (D:7)
  5 rats
  3 fungi (Lair:6)
  2 plants
566 creatures vanquished.

Vanquished Creatures (collateral kills)
  3 hydras
  A blink frog (Lair:2)
  A water moccasin (Lair:3)
5 creatures vanquished.

Vanquished Creatures (others)
  An orc (Orc:2)
  4 fungi
  5 plants
10 creatures vanquished.

Grand Total: 581 creatures vanquished

Notes
Turn   | Place    | Note
-------+----------+-------------------------------------------
     0 | D:1      | septik the Minotaur Berserker began the quest for the Orb.
     0 | D:1      | Reached XP level 1. HP: 19/19 MP: 0/0
   280 | D:1      | Reached XP level 2. HP: 25/27 MP: 1/1
   462 | D:1      | Reached skill level 4 in Axes
   737 | D:1      | Reached ** piety under Trog
   942 | D:1      | Reached XP level 3. HP: 32/33 MP: 2/2
  1578 | D:2      | Reached XP level 4. HP: 40/40 MP: 3/3
  2300 | D:3      | Reached skill level 5 in Axes
  2597 | D:4      | Noticed a phantom
  2610 | D:4      | Killed a phantom
  2610 | D:4      | Reached XP level 5. HP: 25/47 MP: 4/4
  2843 | D:4      | Noticed an ogre
  2851 | D:4      | Killed an ogre
  2851 | D:4      | Reached XP level 6. HP: 55/55 MP: 5/5
  2853 | D:4      | Found a hazy altar of Hepliaklqana.
  2894 | D:4      | Reached skill level 5 in Fighting
  2924 | D:4      | Reached skill level 6 in Axes
  3515 | D:4      | Found a faded altar of an unknown god.
  3515 | D:4      | Found a radiant altar of Vehumet.
  3527 | D:4      | Found a bloodstained altar of Trog.
  3561 | D:4      | Found a shimmering altar of Xom.
  3562 | D:4      | Found a snail-covered altar of Cheibriados.
  3662 | D:5      | Entered Level 5 of the Dungeon
  3732 | D:5      | Reached *** piety under Trog
  3732 | D:5      | Reached XP level 7. HP: 41/61 MP: 6/6
  3853 | D:5      | Got a spiked hat
  3859 | D:5      | Identified the +0 hat of Eternity {MR- Regen+ Str+2} (You found it on level 5 of the Dungeon)
  4170 | D:5      | Reached skill level 7 in Axes
  4277 | D:6      | Reached skill level 5 in Armour
  4460 | D:6      | Reached XP level 8. HP: 52/71 MP: 7/7
  4469 | D:6      | Reached skill level 5 in Dodging
  4472 | D:6      | Reached skill level 8 in Axes
  4497 | D:6      | Reached **** piety under Trog
  4555 | D:6      | Received a gift from Trog
  4770 | D:6      | Found a staircase to the Ecumenical Temple.
  4820 | D:6      | Reached skill level 9 in Axes
  5266 | D:7      | Reached XP level 9. HP: 79/79 MP: 8/8
  5428 | D:7      | Reached skill level 10 in Axes
  5651 | D:7      | Reached ***** piety under Trog
  6062 | D:8      | Noticed a troll
  6120 | D:8      | Killed a troll
  6225 | D:8      | Reached skill level 11 in Axes
  6286 | D:8      | Noticed Gastronok
  6306 | D:8      | Killed Gastronok
  6306 | D:8      | Reached XP level 10. HP: 91/91 MP: 9/9
  6359 | D:8      | Reached skill level 12 in Axes
  7564 | D:9      | Received a gift from Trog
  7899 | D:10     | Entered Level 10 of the Dungeon
  8006 | D:10     | Noticed Snorg
  8016 | D:10     | Killed Snorg
  8016 | D:10     | Reached skill level 13 in Axes
  8016 | D:10     | Reached XP level 11. HP: 99/99 MP: 10/10
  8208 | D:10     | Reached skill level 10 in Fighting
  8515 | D:11     | Noticed a hill giant
  8521 | D:11     | Killed a hill giant
  8619 | D:11     | Reached skill level 10 in Armour
  8627 | D:11     | Received a gift from Trog
  8831 | D:11     | Found a roughly hewn altar of Beogh.
  8891 | D:11     | Found a staircase to the Orcish Mines.
  8994 | D:11     | Noticed a hill giant
  9001 | D:11     | Killed a hill giant
  9001 | D:11     | Reached skill level 14 in Axes
  9252 | D:11     | Found a staircase to the Lair.
  9521 | Lair:1   | Entered Level 1 of the Lair of Beasts
  9647 | Lair:1   | Noticed a seven-headed hydra
  9653 | Lair:1   | Killed an eight-headed hydra
  9704 | Lair:1   | Noticed Erica
  9714 | Lair:1   | Killed Erica
  9714 | Lair:1   | Reached skill level 10 in Dodging
  9714 | Lair:1   | Reached XP level 12. HP: 110/110 MP: 11/11
  9827 | Lair:1   | Identified a scroll of acquirement
  9911 | Lair:1   | Found a shimmering altar of Xom.
 10805 | Lair:2   | Noticed a seven-headed hydra
 10819 | Lair:2   | Killed an eight-headed hydra
 11009 | Lair:2   | Reached skill level 15 in Axes
 11353 | Lair:3   | Received a gift from Trog
 11720 | Lair:3   | Noticed a four-headed hydra
 11729 | Lair:3   | Killed a four-headed hydra
 11812 | Lair:3   | Found a hole to the Spider Nest.
 11894 | Lair:3   | Received a gift from Trog
 12010 | Lair:4   | Reached skill level 16 in Axes
 12141 | Lair:4   | Noticed Nessos
 12182 | Lair:4   | Killed Nessos
 12349 | Lair:4   | Reached XP level 13. HP: 115/118 MP: 12/12
 12550 | Lair:4   | Found a staircase to the Swamp.
 13079 | Lair:5   | Noticed Josephine
 13089 | Lair:5   | Killed Josephine
 13531 | Lair:5   | Found a staircase to the Slime Pits.
 13821 | Lair:6   | Entered Level 6 of the Lair of Beasts
 13839 | Lair:6   | Found a shimmering altar of Xom.
 13890 | Lair:6   | Received a gift from Trog
 14147 | Lair:6   | Reached skill level 17 in Axes
 14543 | Lair:6   | Noticed a fire dragon
 14561 | Lair:6   | Killed a fire dragon
 15150 | Orc:1    | Entered Level 1 of the Orcish Mines
 15300 | Orc:1    | Found a frozen archway.
 15310 | IceCv    | Entered an ice cave
 16047 | Orc:2    | Entered Level 2 of the Orcish Mines
 16047 | Orc:2    | Found a staircase to the Elven Halls.
 16053 | Orc:2    | Noticed Maurice
 16076 | Orc:2    | Killed Maurice
 16098 | Orc:2    | Reached ****** piety under Trog
 16155 | Orc:2    | Reached XP level 14. HP: 129/129 MP: 13/13
 16163 | Orc:2    | Received a gift from Trog
 16185 | Orc:2    | Killed from afar by a soul eater

Skill      XL: |  1  2  3  4  5  6  7  8  9 10 11 12 13 |
---------------+----------------------------------------+-----
Axes           | 4 5 6 7 9 11 13 14 16 17 | 17.6
Armour         | 3 4 5 6 8 9 10 11 13 | 13.1
Fighting       | 4 5 6 7 9 11 12 13 | 13.3
Dodging        | 3 4 5 7 8 10 11 12 | 12.2

Action                   |  1- 3 |  4- 6 |  7- 9 | 10-12 | 13-15 || total
-------------------------+-------+-------+-------+-------+-------++-------
Melee: Hand axe          |    94 |   110 |    53 |       |       ||   257
       Headbutt          |    10 |    20 |    62 |    99 |    71 ||   262
       War axe           |       |       |   222 |    60 |       ||   282
       Broad axe         |       |       |       |   117 |       ||   117
       Executioner's axe |       |       |       |   267 |   118 ||   385
       Battleaxe         |       |       |       |       |   230 ||   230
Throw: Throwing net      |       |       |       |     1 |       ||     1
Invok: Berserk           |       |     3 |     3 |     3 |     2 ||    11
       Trog's Hand       |       |       |     1 |     1 |       ||     2
       Burn Spellbooks   |       |       |     1 |     2 |     2 ||     5
       Brothers in Arms  |       |       |       |     7 |       ||     7
Evoke: Wand              |       |       |       |       |     2 ||     2
  Use: Scroll            |       |     2 |       |    27 |     7 ||    36
       Potion            |       |       |       |     5 |       ||     5
 Stab: Sleeping          |       |       |       |     1 |       ||     1
  Eat: Chunk             |     2 |     9 |    11 |    23 |    13 ||    58
       Bread ration      |       |       |       |     1 |       ||     1
       Pizza             |       |       |       |     2 |     1 ||     3
       Fruit             |       |       |       |     1 |     3 ||     4
       Royal jelly       |       |       |       |       |     1 ||     1
Armor: Animal skin       |     9 |       |       |       |       ||     9
       Ring mail         |     8 |    26 |       |       |       ||    34
       Chain mail        |       |    19 |   146 |       |       ||   165
       Troll leather arm |       |       |     2 |   106 |    54 ||   162
       Plate armour      |       |       |       |       |    51 ||    51
Dodge: Dodged            |    61 |    66 |   169 |   528 |   401 ||  1225
